 Dungeon Crawl Stone Soup version 0.17.0-23-g0de4337 (webtiles) character file.

3343 TruthSerum the Grappler (level 9, -2/92 HPs)
             Began as a Troll Monk on Nov 15, 2015.
             Was a Priest of Okawaru.
             Slain by a porcupine (5 damage)
             ... on level 8 of the Dungeon.
             The game lasted 00:27:08 (5767 turns).

TruthSerum the Grappler (Troll Monk)                Turns: 5767, Time: 00:27:08

Health: -2/92      AC: 13    Str: 21    XL:     9   Next: 72%
Magic:  9/10       EV:  1    Int:  6    God:    Okawaru [***...]
Gold:   394        SH:  0    Dex: 15    Spells: 0 memorised, 8 levels left

rFire  . . .     SeeInvis .       - Unarmed
rCold  . . .     Clarity  .     a - +1 robe
rNeg   + + +     SustAt   .     (no shield)
rPois  ∞         Gourm    +     (helmet restricted)
rElec  .         Spirit   .     x - +2 cloak
rCorr  .         Warding  +     (gloves unavailable)
rMut   .         Stasis   .     (boots unavailable)
MR     .....                    n - amulet of warding
Stlth  +++.......               z - ring of poison resistance
                                d - +4 ring of protection

@: petrified, heroism, not resistant to hostile enchantments, fairly stealthy
A: unfitting armour, claws 3, fast metabolism 3, gourmand, regeneration 2,
shaggy fur 1, tough skin 2
a: Heroism, Renounce Religion


You were on level 8 of the Dungeon.
You worshipped Okawaru.
Okawaru was most pleased with you.
You were completely stuffed.

You visited 2 branches of the dungeon, and saw 9 of its levels.

You collected 394 gold pieces.

Inventory:

Armour
 a - a +1 robe (worn)
 x - a +2 cloak (worn)
Jewellery
 c - an uncursed ring of see invisible
 d - a +4 ring of protection (left claw)
 n - an amulet of warding (around neck)
 v - an uncursed amulet of the gourmand {unknown}
 w - an uncursed ring of fire {unknown}
 y - an uncursed ring of protection from magic
 z - a ring of poison resistance (right claw)
Wands
 g - a wand of teleportation (7)
 u - a wand of digging (7)
Scrolls
 j - 5 scrolls of remove curse
 D - a scroll of magic mapping
 E - a scroll of recharging
 F - 3 scrolls of amnesia
Potions
 e - a potion of poison {unknown}
 f - 2 potions of resistance {unknown}
 i - 4 potions of cancellation {unknown}
 k - 2 potions of curing {unknown}
 l - a potion of cure mutation {unknown}
 m - 2 potions of haste {unknown}
 p - a potion of magic
 q - a potion of mutation {unknown}
 r - 4 potions of brilliance {unknown}
 s - a potion of flight {unknown}
 t - 3 potions of heal wounds {unknown}
 G - a potion of lignification {unknown}
Comestibles
 b - 10 bread rations
 h - a beef jerky
 o - a royal jelly
 A - 3 fruits
 B - 7 chunks of flesh
 C - a slice of pizza


   Skills:
 + Level 6.9(11.9) Fighting
 + Level 7.0(12.0) Dodging
 - Level 1.1(6.1) Stealth
 + Level 8.4(13.4) Unarmed Combat
 + Level 3.6 Invocations


You had 8 spell levels left.
You didn't know any spells.

Dungeon Overview and Level Annotations

Branches:
Dungeon (8/15)             Temple (1/1) D:5
   Lair: D:8-11

Altars:
Ashenzari
Cheibriados
Dithmenos
Elyvilon
Fedhas
Gozag
Kikubaaqudgha
Nemelex Xobeh
Okawaru
Qazlal
Sif Muna
Trog
Vehumet
Xom
Yredelemnul
Zin
The Shining One

Shops:
D:7 }

Annotations:
D:8 kylecrane's ghost, novice DgFE


Innate Abilities, Weirdness & Mutations

You are too large for most types of armour.
You have claws for hands.
Your metabolism is lightning-fast.
You like to eat raw meat.
You heal very quickly.
You are covered in fur (AC +1).
You have very tough skin (AC +2).


Message History

A river rat comes into view.
You are covered in liquid flames!
* * * LOW HITPOINT WARNING * * *
The river rat bites you but does no damage.
The porcupine bites you.
* * * LOW HITPOINT WARNING * * *
The yak gores you. The porcupine bites you!
* * * LOW HITPOINT WARNING * * *
Kylecrane's ghost hits you. The yak gores you.
* * * LOW HITPOINT WARNING * * *
A porcupine comes into view.
The porcupine bites you but does no damage.
The river rat bites you but does no damage.
The porcupine bites you.
* * * LOW HITPOINT WARNING * * *
The yak gores you but does no damage. x2
Kylecrane's ghost hits you.
* * * LOW HITPOINT WARNING * * *
The porcupine bites you!
You die...

......... .......♣♣.
..........
#+#........P
####....♣....r.
######......Yl...♣
#.......# #Y.rY..♣
#.......###Y@YY.♣.
#..........rrWr...P.
#...........tYY.....
#.............#.P...
#.............##....
######'#......# #...
#.#......# .#.
##.#......###+#+##
#.......#.........


You could see 8 yaks, a basilisk, a crocodile, 4 porcupines, kylecrane's ghost
and a river rat.

Vanquished Creatures
  Pikel (D:5)
  A spriggan (D:7)
  A yak (D:8)
  A wasp (D:4)
  A sky beast (D:7)
  An orc warrior (D:6)
  The ghost of greynaab the Digger, an amateur TrEE (D:3)
  A phantom (D:7)
  6 centaurs
  5 ogres
  A giant frog (D:6)
  A gnoll sergeant (D:7)
  A scorpion (D:8)
  A giant frog zombie (D:7)
  3 hounds
  2 giant frog skeletons
  3 orc priests
  5 orc wizards
  2 crimson imps
  A gnoll shaman (D:7)
  A jelly (D:7)
  Natasha (D:3)
  2 iguanas
  2 worker ants
  2 hound zombies
  3 worker ant zombies
  9 gnolls
  A river rat (D:8)
  2 shadow imps (D:6)
  10 adders
  3 oozes
  2 worms
  5 giant geckos
  28 orcs
  7 bats
  11 giant cockroaches
  6 hobgoblins
  10 jackals
  11 kobolds
  5 quokkas
  2 ball pythons (D:2)
  4 giant cockroach zombies (D:4)
  A giant gecko skeleton (D:4)
  A giant gecko zombie (D:4)
  3 giant newts
  6 goblins
  A jackal skeleton (D:6)
  2 quokka zombies
  9 rats
  A plant (D:4)
190 creatures vanquished.

Vanquished Creatures (others)
  A giant gecko (D:5)
  A fungus (D:8)
  A plant (D:8)
3 creatures vanquished.

Grand Total: 193 creatures vanquished

Notes
Turn   | Place    | Note
--------------------------------------------------------------
     0 | D:1      | TruthSerum the Troll Monk began the quest for the Orb.
     0 | D:1      | Reached XP level 1. HP: 22/22 MP: 0/0
    94 | D:1      | Reached XP level 2. HP: 29/29 MP: 1/1
   404 | D:1      | Reached XP level 3. HP: 36/36 MP: 2/2
   774 | D:2      | Reached XP level 4. HP: 41/45 MP: 3/3
  1217 | D:2      | Found a glowing silver altar of Zin.
  1516 | D:3      | Noticed greynaab's ghost (amateur TrEE)
  1543 | D:3      | Killed greynaab's ghost
  1543 | D:3      | Reached XP level 5. HP: 42/53 MP: 4/4
  1636 | D:3      | Reached skill level 5 in Unarmed Combat
  1823 | D:3      | Reached XP level 6. HP: 14/62 MP: 5/5
  1928 | D:3      | Noticed Natasha
  1948 | D:3      | Killed Natasha
  2730 | D:4      | Reached XP level 7. HP: 55/71 MP: 6/6
  3032 | D:5      | Entered Level 5 of the Dungeon
  3114 | D:5      | Noticed Pikel
  3126 | D:5      | Killed Pikel
  3126 | D:5      | Reached skill level 5 in Fighting
  3126 | D:5      | Reached skill level 5 in Dodging
  3126 | D:5      | Reached skill level 6 in Unarmed Combat
  3126 | D:5      | Reached XP level 8. HP: 31/80 MP: 7/7
  3313 | D:5      | Found a staircase to the Ecumenical Temple.
  3325 | Temple   | Entered the Ecumenical Temple
  3447 | Temple   | Became a worshipper of Warmaster Okawaru
  3447 | Temple   | Reached * piety under Okawaru
  3447 | Temple   | Reached ** piety under Okawaru
  3639 | D:5      | Got a transparent crystal amulet
  3808 | D:6      | Identified the amulet "Huschur" {Stasis Str+9 Dex-4} (You found it on level 5 of the Dungeon)
  3892 | D:6      | Reached skill level 7 in Unarmed Combat
  4329 | D:6      | HP: 3/83 [centaur/arrow (18)]
  4330 | D:6      | HP: 1/83 [poisoned by a centaur]
  4363 | D:6      | Reached skill level 1 in Invocations
  4508 | D:6      | Reached *** piety under Okawaru
  4520 | D:6      | Reached XP level 9. HP: 79/89 MP: 9/9
  4717 | D:6      | Found an opulent altar of Gozag.
  4717 | D:6      | Found a radiant altar of Vehumet.
  4717 | D:6      | Found a stormy altar of Qazlal.
  4717 | D:6      | Found a blossoming altar of Fedhas.
  4726 | D:6      | Found a white marble altar of Elyvilon.
  4726 | D:6      | Found a glowing golden altar of the Shining One.
  4927 | D:7      | Found a shadowy altar of Dithmenos.
  5103 | D:7      | Reached skill level 8 in Unarmed Combat
  5338 | D:7      | Found Ziolaweg's Gadget Boutique.
  5384 | D:7      | Received a gift from Okawaru
  5748 | D:8      | Noticed kylecrane's ghost (novice DgFE)
  5766 | D:8      | HP: 4/92 [porcupine (1)]
  5767 | D:8      | Slain by a porcupine

Action                   |  1- 3 |  4- 6 |  7- 9 || total
-------------------------+-------+-------+-------++-------
Melee: Unarmed           |   107 |   204 |   276 ||   587
Invok: Heroism           |       |       |     3 ||     3
  Use: Scroll            |     6 |     5 |     3 ||    14
       Potion            |       |       |     1 ||     1
 Stab: Distracted        |     1 |     1 |       ||     2
       Sleeping          |     1 |     1 |     2 ||     4
  Eat: Chunk             |    13 |    15 |    31 ||    59
